[Event "NJSK 2021 Meisjes C"]
[Site "Almelo, Netherlands"]
[Date "2021.08.05"]
[Round "5.3"]
[White "Maris, Lauri"]
[Black "Damen, Josephine"]
[Result "1/2-1/2"]
[WhiteElo "1669"]
[BlackElo "1343"]
[PlyCount "35"]
[EventDate "2021.??.??"]
[TimeControl "90/40+30:0"]

1. e4 {0} e5 {5} 2. Nf3 {3} Nc6 {6} 3. Bc4 {4} Nf6 {7} 4. d3 {6} Bc5 {6} 5. Nc3
{17} d6 {9} 6. h3 {17} h6 {94} 7. O-O {20} Be6 {11} 8. Bb3 {64} Qd7 {78} 9. Kh2
{8} O-O-O {807} 10. Na4 {232} g5 {566} 11. Nxc5 {116} dxc5 {9} 12. Bxe6 {58}
Qxe6 {158} 13. Nd2 {190} h5 {1251} 14. g3 {209} Rh7 {543} 15. Nf3 {898} Nxe4 {
309} 16. Bxg5 {683} f6 {109} 17. Be3 {257} c4 {241} 18. Qe2 {304} 1/2-1/2

[Event "NJSK 2021 Meisjes C"]
[Site "Almelo, Netherlands"]
[Date "2021.08.05"]
[Round "5.4"]
[White "Liu, Chia-Yun"]
[Black "Yeh, Nora"]
[Result "1/2-1/2"]
[WhiteElo "813"]
[BlackElo "1650"]
[PlyCount "56"]
[EventDate "2021.??.??"]
[TimeControl "90/40+30:0"]

1. e4 {2} e5 {2} 2. Nf3 {15} Nc6 {4} 3. Bc4 {15} Bc5 {17} 4. c3 {25} Nf6 {14}
5. d3 {39} d6 {21} 6. a4 {25} a5 {5} 7. O-O {29} O-O {19} 8. Nbd2 {32} Be6 {17}
9. h3 {77} Qe7 {265} 10. Bxe6 {76} fxe6 {98} 11. Re1 {210} Bb6 {694} 12. Nf1 {
133} Rae8 {569} 13. d4 {257} exd4 {372} 14. cxd4 {119} Qf7 {468} 15. Ng3 {238}
Nb4 {423} 16. Bd2 {361} Nd3 {285} 17. Re2 {242} Nb4 {218} 18. Bxb4 {50} axb4 {
58} 19. Rc1 {197} Qd7 {205} 20. Qd2 {190} Qxa4 {267} 21. Qg5 {296} Qa5 {415}
22. e5 {344} dxe5 {286} 23. dxe5 {46} Nd5 {277} 24. Nh5 {182} Rf7 {168} 25. Re4
{244} Qb5 {238} 26. Rg4 {123} Qd7 {126} 27. Rd1 {312} Qe7 {184} 28. Qh6 {54}
Kh8 {84} 1/2-1/2

[Event "NJSK 2021 Meisjes C"]
[Site "Almelo, Netherlands"]
[Date "2021.08.05"]
[Round "5.5"]
[White "Westerhof, Fleur"]
[Black "Luijkx, Dagmar"]
[Result "1-0"]
[WhiteElo "1502"]
[BlackElo "822"]
[PlyCount "47"]
[EventDate "2021.??.??"]
[TimeControl "90/40+30:0"]

1. e4 {4} e5 {60} 2. Nf3 {8} Nf6 {15} 3. Nxe5 {16} Nc6 {19} 4. Nxc6 {19} dxc6 {
11} 5. Nc3 {94} Bc5 {61} 6. Bc4 {51} Ng4 {27} 7. Rf1 {299} Bxf2+ {193} 8. Rxf2
{13} Nxf2 {24} 9. Qf3 {95} Be6 {174} 10. Bxe6 {116} fxe6 {71} 11. Qxf2 {19} Rf8
{60} 12. Qe2 {53} Qd4 {147} 13. Qe3 {245} Qf6 {118} 14. Qe2 {24} O-O-O {198}
15. d3 {61} Rf7 {255} 16. Be3 {85} Qe5 {448} 17. g3 {217} Rdf8 {249} 18. O-O-O
{26} Qa5 {363} 19. d4 {482} b6 {296} 20. Qc4 {71} Kd7 {172} 21. d5 {127} exd5 {
241} 22. exd5 {49} c5 {164} 23. Qg4+ {83} Kd6 {1179} 24. Qe6# {14} 1-0

[Event "NJSK 2021 Meisjes C"]
[Site "Almelo, Netherlands"]
[Date "2021.08.05"]
[Round "5.7"]
[White "Visser, Alma"]
[Black "Jorritsma, Eli Alia"]
[Result "1-0"]
[WhiteElo "910"]
[BlackElo "1050"]
[PlyCount "49"]
[EventDate "2021.??.??"]
[TimeControl "90/40+30:0"]

1. c4 {2} c6 {10} 2. d4 {11} d5 {10} 3. Nc3 {20} e6 {15} 4. Nf3 {27} dxc4 {13}
5. e4 {25} b5 {11} 6. b3 {84} cxb3 {83} 7. axb3 {14} Nf6 {65} 8. Bg5 {68} h6 {
216} 9. Bxf6 {65} Qxf6 {24} 10. Qd2 {53} Bb4 {151} 11. Qd3 {164} Bd7 {298} 12.
Be2 {55} c5 {200} 13. e5 {85} Qg6 {55} 14. Qd2 {88} cxd4 {738} 15. Nxd4 {94}
Qxg2 {241} 16. Bf3 {63} Qh3 {139} 17. Rg1 {879} Qxh2 {0} 18. Rg3 {75} Bxc3 {72}
19. Qxc3 {58} Nc6 {106} 20. Nxc6 {33} Bxc6 {8} 21. Bxc6+ {13} Ke7 {22} 22. Qc5+
{64} Kd8 {17} 23. Qd6+ {17} Kc8 {18} 24. Qd7+ {17} Kb8 {13} 25. Qb7# {8} 1-0

[Event "NJSK 2021 Meisjes C"]
[Site "Almelo, Netherlands"]
[Date "2021.08.06"]
[Round "6.1"]
[White "Maris, Lauri"]
[Black "Gergin, Isafara"]
[Result "0-1"]
[WhiteElo "1669"]
[BlackElo "1650"]
[PlyCount "62"]
[EventDate "2021.??.??"]
[TimeControl "90/40+30:0"]

1. e4 {1} c5 {4} 2. Nf3 {6} Nc6 {4} 3. Bb5 {4} d6 {15} 4. d4 {34} cxd4 {15} 5.
Nxd4 {5} Bd7 {9} 6. O-O {24} Nf6 {35} 7. Nc3 {38} e5 {99} 8. Nb3 {254} Be7 {176
} 9. Bg5 {686} a6 {409} 10. Bd3 {167} O-O {258} 11. Bxf6 {217} Bxf6 {32} 12.
Nd5 {297} Bg5 {127} 13. c3 {387} Ne7 {298} 14. Be2 {185} f5 {681} 15. Nxe7+ {
185} Qxe7 {61} 16. exf5 {85} Bxf5 {40} 17. Bg4 {219} Bg6 {377} 18. Bh5 {70} Bf5
{439} 19. Bg4 {13} Bxg4 {146} 20. Qxg4 {8} Rf4 {36} 21. Qe2 {40} Raf8 {82} 22.
f3 {123} Qf6 {218} 23. Nd2 {331} d5 {147} 24. c4 {485} Rd4 {564} 25. Rad1 {95}
Qb6 {104} 26. Kh1 {91} Qxb2 {92} 27. Rf2 {32} Rxd2 {183} 28. Rxd2 {60} Bxd2 {15
} 29. Qxd2 {26} Qb1+ {15} 30. Qe1 {47} Qxe1+ {8} 31. Rf1 {6} Qxf1# {9} 0-1

[Event "NJSK 2021 Meisjes C"]
[Site "Almelo, Netherlands"]
[Date "2021.08.06"]
[Round "6.2"]
[White "Damen, Josephine"]
[Black "Feng, Elysia"]
[Result "1-0"]
[WhiteElo "1343"]
[BlackElo "1650"]
[PlyCount "59"]
[EventDate "2021.??.??"]
[TimeControl "90/40+30:0"]

1. e4 {2} e5 {5} 2. Nf3 {4} Nc6 {6} 3. Bc4 {5} Bc5 {7} 4. c3 {6} Nf6 {7} 5. d4
{10} exd4 {31} 6. cxd4 {7} Bb4+ {6} 7. Nc3 {7} Nxe4 {38} 8. O-O {9} Nxc3 {74}
9. bxc3 {7} Be7 {39} 10. d5 {32} Na5 {47} 11. d6 {67} Bxd6 {154} 12. Re1+ {45}
Be7 {128} 13. Bxf7+ {301} Kf8 {991} 14. Bh5 {1558} g6 {1833} 15. Bh6+ {212} Ke8
{32} 16. Qd4 {57} Rg8 {41} 17. Qd5 {51} Rf8 {145} 18. Bxf8 {184} Kxf8 {13} 19.
Qxa5 {75} b6 {41} 20. Qd5 {576} c6 {60} 21. Qd4 {42} gxh5 {36} 22. Qh8+ {42}
Kf7 {22} 23. Ne5+ {15} Ke6 {57} 24. Nxc6+ {10} Kd6 {26} 25. Nxd8 {13} Bxd8 {5}
26. Qxd8 {40} Bb7 {13} 27. Rad1+ {32} Kc5 {13} 28. Qe7+ {108} Kb5 {20} 29. Re5+
{39} Ka4 {15} 30. Qb4# {8} 1-0

[Event "NJSK 2021 Meisjes C"]
[Site "Almelo, Netherlands"]
[Date "2021.08.06"]
[Round "6.3"]
[White "Westerhof, Fleur"]
[Black "Ganeshram, Nirupa"]
[Result "0-1"]
[WhiteElo "1502"]
[BlackElo "1378"]
[PlyCount "112"]
[EventDate "2021.??.??"]
[TimeControl "90/40+30:0"]

1. e4 {3} c5 {4} 2. Nf3 {12} d6 {9} 3. d4 {12} cxd4 {10} 4. Nxd4 {11} Nf6 {13}
5. Nc3 {15} g6 {12} 6. Bc4 {128} Nc6 {48} 7. Be3 {298} Bg7 {174} 8. Qd2 {180}
Ng4 {264} 9. Nxc6 {244} bxc6 {22} 10. Bd4 {22} O-O {108} 11. Bxg7 {120} Kxg7 {
37} 12. O-O {152} Qc7 {121} 13. Be2 {96} Nf6 {75} 14. Bf3 {202} Bd7 {128} 15.
Rfe1 {392} Rab8 {332} 16. Rab1 {116} Kg8 {1169} 17. Qd4 {139} c5 {681} 18. Qe3
{264} Bg4 {325} 19. Qe2 {584} Bxf3 {664} 20. Qxf3 {87} Rb6 {754} 21. Nd5 {409}
Nxd5 {44} 22. exd5 {11} Qd7 {148} 23. Qe4 {439} Re8 {172} 24. b3 {141} e5 {202}
25. f4 {126} f5 {210} 26. Qe3 {44} e4 {40} 27. c4 {26} Ra6 {55} 28. a4 {78} Rb6
{31} 29. Qc3 {48} Rb4 {40} 30. Re2 {69} Qg7 {29} 31. Qxg7+ {21} Kxg7 {4} 32.
Kf2 {26} Reb8 {53} 33. Reb2 {25} h6 {33} 34. g3 {10} g5 {38} 35. Ke3 {16} Kg6 {
42} 36. fxg5 {142} hxg5 {15} 37. h4 {47} Kh5 {75} 38. hxg5 {66} Kxg5 {8} 39.
Kf2 {10} Kg4 {21} 40. Kg2 {18} a5 {53} 41. Kf2 {59} Rh8 {23} 42. Rg1 {37} Rh2+
{58} 43. Rg2 {56} Rxg2+ {5} 44. Kxg2 {6} e3 {26} 45. Rb1 {23} Rb8 {77} 46. Rb2
{42} f4 {56} 47. gxf4 {29} Kxf4 {9} 48. Kf1 {37} Kf3 {17} 49. Rh2 {87} Rxb3 {26
} 50. Rh3+ {39} Ke4 {10} 51. Ke2 {14} Rb2+ {25} 52. Ke1 {14} Kd4 {13} 53. Rh4+
{14} Kd3 {16} 54. Kf1 {20} e2+ {16} 55. Ke1 {22} Rb1+ {6} 56. Kf2 {2} e1=Q+ {9}
0-1

[Event "NJSK 2021 Meisjes C"]
[Site "Almelo, Netherlands"]
[Date "2021.08.06"]
[Round "6.4"]
[White "Knobbe, Elise"]
[Black "Liu, Chia-Yun"]
[Result "1-0"]
[WhiteElo "767"]
[BlackElo "813"]
[PlyCount "103"]
[EventDate "2021.??.??"]
[TimeControl "90/40+30:0"]

1. c4 {2} e5 {17} 2. Nc3 {10} Nf6 {32} 3. g3 {22} d5 {19} 4. cxd5 {13} Nxd5 {19
} 5. Bg2 {23} Nf6 {28} 6. e3 {89} c6 {27} 7. Nge2 {109} Bd6 {59} 8. O-O {77}
O-O {19} 9. d4 {213} Re8 {107} 10. b3 {207} Bf5 {99} 11. Bb2 {77} Qc8 {212} 12.
Qd2 {194} Bh3 {98} 13. Rab1 {55} Bxg2 {112} 14. Kxg2 {8} Nbd7 {131} 15. Qc2 {
152} Nf8 {157} 16. Qd3 {452} Ne6 {136} 17. Rbc1 {65} Ng5 {116} 18. Ng1 {276} h5
{203} 19. h4 {102} Ngh7 {163} 20. Rb1 {735} g5 {100} 21. Ne4 {444} Nxe4 {437}
22. Qxe4 {27} Nf6 {50} 23. Qf3 {27} Qe6 {142} 24. hxg5 {79} e4 {43} 25. Qxf6 {
129} Qxf6 {101} 26. gxf6 {12} Re6 {19} 27. Rfd1 {86} Rxf6 {16} 28. d5 {21} Rg6
{110} 29. dxc6 {19} bxc6 {55} 30. Rd4 {85} f5 {108} 31. Rc4 {56} Rc8 {77} 32.
Ne2 {161} h4 {61} 33. Rh1 {79} hxg3 {48} 34. Rh8+ {136} Kf7 {114} 35. Rxc8 {18}
gxf2+ {42} 36. Kxf2 {20} c5 {107} 37. Ba3 {39} Ke7 {77} 38. Bxc5 {33} Bxc5 {14}
39. R8xc5 {24} Ra6 {28} 40. Ra4 {34} Rxa4 {26} 41. bxa4 {7} Ke6 {35} 42. Nf4+ {
19} Kd7 {24} 43. Rxf5 {37} a5 {27} 44. Rf6 {14} Kc8 {20} 45. Rf7 {17} Kb8 {13}
46. Ke2 {12} Ka8 {11} 47. Kd2 {9} Kb8 {9} 48. Kc3 {6} Ka8 {12} 49. Kc4 {8} Kb8
{12} 50. Kb5 {6} Ka8 {21} 51. Kb6 {7} Kb8 {8} 52. Rf8# {6} 1-0

[Event "NJSK 2021 Meisjes C"]
[Site "Almelo, Netherlands"]
[Date "2021.08.06"]
[Round "6.5"]
[White "Yeh, Nora"]
[Black "Wortman, Manixia"]
[Result "1/2-1/2"]
[WhiteElo "1650"]
[BlackElo "995"]
[PlyCount "58"]
[EventDate "2021.??.??"]
[TimeControl "90/40+30:0"]

1. d4 {1} Nf6 {8} 2. Nf3 {5} e6 {12} 3. c4 {7} d5 {52} 4. Nc3 {52} Bb4 {37} 5.
Bd2 {20} O-O {76} 6. e3 {33} c5 {124} 7. cxd5 {105} Nxd5 {133} 8. Nxd5 {141}
Bxd2+ {39} 9. Qxd2 {53} Qxd5 {16} 10. Be2 {426} cxd4 {55} 11. Qxd4 {244} Qxd4 {
151} 12. Nxd4 {44} Bd7 {29} 13. O-O {79} Nc6 {18} 14. Nxc6 {46} Bxc6 {6} 15.
Rfd1 {223} Rfd8 {143} 16. Rac1 {620} Rac8 {246} 17. b3 {480} Bd5 {283} 18. h3 {
293} h6 {208} 19. f3 {511} a6 {344} 20. e4 {239} Rxc1 {281} 21. Rxc1 {24} Bc6 {
10} 22. Rd1 {73} Rxd1+ {83} 23. Bxd1 {8} Bb5 {65} 24. Kf2 {98} Kf8 {28} 25. Be2
{99} Bxe2 {73} 26. Kxe2 {7} Ke7 {5} 27. Kd3 {63} Kd6 {22} 28. Kd4 {549} e5+ {
142} 29. Kc4 {174} Kc6 {80} 1/2-1/2

[Event "NJSK 2021 Meisjes C"]
[Site "Almelo, Netherlands"]
[Date "2021.08.06"]
[Round "6.6"]
[White "Luijkx, Dagmar"]
[Black "Visser, Alma"]
[Result "1-0"]
[WhiteElo "822"]
[BlackElo "910"]
[PlyCount "97"]
[EventDate "2021.??.??"]
[TimeControl "90/40+30:0"]

1. e4 {1} e5 {5} 2. Nc3 {5} Nf6 {7} 3. f4 {14} d5 {12} 4. fxe5 {23} Nxe4 {12}
5. Qf3 {26} Nxc3 {45} 6. bxc3 {115} Nc6 {25} 7. d4 {62} g6 {105} 8. Bb5 {224}
Bd7 {44} 9. Qxd5 {75} Qe7 {103} 10. Nf3 {165} Qe6 {85} 11. Qxe6+ {103} Bxe6 {33
} 12. c4 {50} Bd7 {47} 13. Bxc6 {66} Bxc6 {15} 14. d5 {23} Bd7 {26} 15. O-O {30
} Bg7 {19} 16. Ng5 {126} Bf5 {31} 17. c3 {250} Bxe5 {53} 18. Re1 {72} f6 {50}
19. Nf3 {109} O-O-O {73} 20. Nxe5 {50} Rde8 {58} 21. Nf3 {52} Be4 {53} 22. Nd2
{220} Bd3 {87} 23. Rxe8+ {208} Rxe8 {25} 24. Ba3 {196} Re2 {21} 25. Bc1 {195}
Be4 {70} 26. Nf3 {176} g5 {49} 27. h3 {199} h5 {43} 28. Kf1 {131} Rc2 {29} 29.
Nd2 {85} Bd3+ {174} 30. Ke1 {67} Rxc3 {82} 31. Bb2 {278} Rc2 {14} 32. Bxf6 {57}
g4 {17} 33. Be5 {396} Bxc4 {20} 34. Nxc4 {91} Rxc4 {12} 35. Rd1 {49} Kd7 {27}
36. hxg4 {182} Rxg4 {24} 37. Kf2 {215} Rg5 {49} 38. Bf4 {52} Rf5 {15} 39. Ke3 {
64} Rf6 {66} 40. Rc1 {84} c6 {15} 41. dxc6+ {57} Rxc6 {47} 42. Rxc6 {26} Kxc6 {
4} 43. Ke4 {54} Kc5 {17} 44. Be3+ {26} Kc4 {28} 45. Bxa7 {78} b5 {11} 46. a3 {
28} Kb3 {32} 47. Bc5 {27} h4 {24} 48. Kf4 {22} Kc4 {29} 49. Bf8 {30} 1-0